 Dungeon Crawl Stone Soup version 0.18.1-8-gdd0e5ea (webtiles) character file.

44 deorigin the Insei (level 3, -1/19 HPs)
             Began as a Vine Stalker Monk on June 1, 2016.
             Slain by Sigmund
             ... wielding a +6 scythe of flaming
              (4 damage)
             ... on level 2 of the Dungeon.
             The game lasted 00:02:35 (1013 turns).

deorigin the Insei (Vine Stalker Monk)              Turns: 1013, Time: 00:02:36

Health: -1/19      AC:  7    Str: 13    XL:     3   Next: 60%
Magic:  0/4        EV: 11    Int: 11    God:
Gold:   98         SH:  0    Dex: 16    Spells: 0 memorised, 2 levels left

rFire  . . .     SeeInvis .       - Unarmed
rCold  . . .     Gourm    .     g - +0 ring mail
rNeg   . . .     Faith    .     (no shield)
rPois  .         Spirit   +     m - +2 hat
rElec  .         Dismiss  .     (no cloak)
rCorr  .         Reflect  .     (no gloves)
SustAt .         Harm     .     (no boots)
MR     .....                    (no amulet)
Stlth  ++........               (no ring)
                                (no ring)

@: not resistant to hostile enchantments, unstealthy
A: fangs 2, regeneration 1, magic shield, antimagic bite, no device heal 3, rot
immunity
a: no special abilities


You were on level 2 of the Dungeon.
You were not hungry.

You visited 1 branch of the dungeon, and saw 2 of its levels.

You collected 98 gold pieces.

Inventory:

Hand Weapons
 c - a +3 whip
 e - a +0 dagger
Armour
 a - a +0 robe
 d - a +0 scale mail
 g - a +0 ring mail (worn)
 k - a +2 hat
 m - a +2 hat (worn)
Scrolls
 f - a scroll of magic mapping {unknown}
 h - 2 scrolls of remove curse {unknown}
 i - 3 scrolls of enchant armour {unknown}
 l - a scroll of recharging {unknown}
 o - a scroll of teleportation {unknown}
Potions
 j - a potion of heal wounds {unknown}
Comestibles
 b - a bread ration
 n - 10 chunks of flesh


   Skills:
 - Level 2.6 Fighting
 * Level 0.8 Armour
 - Level 2.4 Dodging
 - Level 2.4 Stealth
 + Level 5.0 Unarmed Combat


You had 2 spell levels left.
You didn't know any spells.

Dungeon Overview and Level Annotations

Branches:
Dungeon (2/15)

Altars:

Annotations:
D:2 Sigmund


Innate Abilities, Weirdness & Mutations

You have extremely sharp teeth.
Your natural rate of healing is unusually fast.
When hurt, damage is shared between your health and your magic reserves.
Your bite disrupts and absorbs the magic of your enemies.
Potions and wands cannot restore your health.
You are immune to rotting.


Message History

Sigmund the Dreaded comes into view.
He is wielding a scythe of flaming.
A goblin comes into view. It is wielding a dagger.
You start resting.
HP restored.
Sigmund shouts!
The goblin shouts!
Sigmund casts a spell.
Sigmund flickers and vanishes!
Deactivating autopickup; reactivate with Ctrl-A.
The goblin unwields an uncursed dagger.
The goblin wields a runed hunting sling.
It bursts into flame!
The goblin shoots a stone.
The stone barely misses you.
You start waiting.
Something hits you. Something burns you.
The goblin shoots a stone.
The stone hits you but does no damage.
You see here a stone.
Something hits you!
Ouch! That really hurt!
* * * LOW HITPOINT WARNING * * *
Something burns you.
You die...

.........#..............#
.[..[....................
.........................
........##......).......#
........##............[.#
..###...(............# .
#.#....(....[.)..#
#?#...(.?........# .
###.#@#.......## ##
#.#.##.....##
g.{.#.....##
.........>..# .......
...... ......... ...
.......... ..........


There were no monsters in sight!

Vanquished Creatures
  An adder (D:2)
  A dart slug (D:1)
  A giant gecko (D:1)
  2 ball pythons (D:2)
  3 hobgoblins
  6 jackals
  2 kobolds (D:1)
  2 quokkas (D:2)
  2 bats (D:1)
  5 goblins (D:1)
  4 rats (D:1)
29 creatures vanquished.

Notes
Turn   | Place    | Note
--------------------------------------------------------------
     0 | D:1      | deorigin the Vine Stalker Monk began the quest for the Orb.
     0 | D:1      | Reached XP level 1. HP: 11/11 MP: 2/2
   120 | D:1      | Reached XP level 2. HP: 13/16 MP: 3/3
   881 | D:2      | Reached XP level 3. HP: 19/19 MP: 4/4
   898 | D:2      | Reached skill level 5 in Unarmed Combat
   998 | D:2      | Noticed Sigmund
  1013 | D:2      | Slain by Sigmund

Skill      XL: |  1  2  3 |
---------------+----------+-----
Unarmed Combat | 5 |  5.0
Fighting       | |  2.6
Armour         | |  0.8
Dodging        | |  2.4
Stealth        | |  2.4

Action                   || total
-------------------------++-------
Melee: Unarmed           ||    96
       Bite              ||    20
 Stab: Sleeping          ||     5
Armor: Robe              ||     6
       Ring mail         ||    56
Dodge: Dodged            ||    86
